 Dungeon Sprint DCSS version 0.20-a0-46-g4a4b873 (webtiles) character file.

767 Faca the Fencer (level 10, -1/100 HPs)
             Began as a Minotaur Fighter on Nov 14, 2016.
             Was the Champion of the Shining One.
             Incinerated by a mottled dragon (8 damage)
             ... with a sticky flame
             ... in the Dungeon (Sprint VI: "Thunderdome").
             The game lasted 00:26:24 (1253 turns).

Faca the Fencer (Minotaur Fighter)                  Turns: 1253, Time: 00:26:25

Health: -1/100     AC:  9    Str: 21    XL:     10   Next: 78%
Magic:  9/9        EV: 15    Int: 10    God:    the Shining One [******]
Gold:   367        SH: 15    Dex: 25    Spells: 0 memorised, 9 levels left

rFire  x . .     SeeInvis +     a - +0 long sword (flame)
rCold  + . .     Gourm    .     b - +0 scale mail
rNeg   + + +     Faith    .     c - +0 shield
rPois  .         Spirit   .     (helmet restricted)
rElec  .         Reflect  .     (no cloak)
rCorr  .         Harm     .     (no gloves)
MR     .....     Rnd*Rage +     (no boots)
Stlth  +......... NoTele   +    p - amulet of Mysticism {Inacc MR- Str-3 Int+9 Dex+9}
                                r - ring "Ciqentiv" {Str+3 SInv Stlth+}
                                q - ring "Efoil" {Ice rN+ Dex+3 Stlth+}

@: liquid flames, glowing
A: retaliatory headbutt, horns 2, berserk 1, blurry vision 1, deterioration 1,
dopey 2, no device heal 1
a: Divine Shield, Cleansing Flame, Summon Divine Warrior, Brand Weapon With Holy
Wrath, Renounce Religion
}: 1/15 runes: decaying


You were in the Dungeon.
You worshipped the Shining One.
The Shining One was exalted by your worship.
You were not hungry.

You visited 1 branch You collected 1050 gold pieces.
You spent 683 gold pieces at shops.

Inventory:

Hand Weapons
 a - a +0 long sword of flaming (weapon)
 e - a +0 great mace
Armour
 b - a +0 scale mail (worn)
 c - a +0 shield (worn)
 u - +0 mottled dragon scales
Jewellery
 p - the amulet of Mysticism (around neck) {Inacc MR- Str-3 Int+9 Dex+9}
   (You bought it in a shop in the Dungeon)

   [amulet of inaccuracy]

   It reduces the accuracy of all your attacks.
   It affects your strength (-3).
   It affects your intelligence (+9).
   It affects your dexterity (+9).
   It affects your resistance to hostile enchantments.
 q - the ring "Efoil" (left hand) {Ice rN+ Dex+3 Stlth+}
   (You bought it in a shop in the Dungeon)

   [ring of ice]

   It enhances your ice magic.
   It affects your dexterity (+3).
   It makes you vulnerable to fire.
   It protects you from cold.
   It protects you from negative energy.
   It makes you more stealthy.
 r - the ring "Ciqentiv" (right hand) {Str+3 SInv Stlth+}
   (You bought it in a shop in the Dungeon)

   [ring of strength]

   It affects your strength (+3).
   It lets you see invisible.
   It makes you more stealthy.
Wands
 l - a wand of acid (5/15)
 m - a wand of iceblast (5/15)
Scrolls
 k - 4 scrolls of blinking
 n - 3 scrolls of fog
Potions
 d - a potion of might
 g - a potion of heal wounds
 h - 4 potions of haste
 i - 2 potions of magic
 j - a potion of berserk rage
 o - a potion of resistance
Miscellaneous
 t - a fan of gales
Comestibles
 f - a bread ration
 s - 5 royal jellies


   Skills:
 + Level 12.9 Fighting
 + Level 15.6 Long Blades
 + Level 12.9 Armour
 + Level 5.5 Dodging
 + Level 14.7 Shields


You had 9 spell levels left.
You didn't know any spells.

Dungeon Overview and Level Annotations

Branches:
Dungeon (1/1)

Altars:
Cheibriados
Dithmenos
Fedhas
Gozag
Kikubaaqudgha
Makhleb
Okawaru
Qazlal
Ru
Sif Muna
Trog
Uskayaw
Vehumet
Xom
Yredelemnul
Zin
The Shining One
Beogh
Jiyva
Lugonu

Shops:
D *[%??*?*:[((!!!!


Innate Abilities, Weirdness & Mutations

You reflexively headbutt those who attack you in melee.
You have a pair of horns on your head.
You tend to lose your temper in combat.
Scrolls take you a little longer to read.
Your body sometimes deteriorates upon taking damage.
You are very dopey. (Int -4)
Potions and wands are less effective at restoring your health.


Message History

You kill the mottled dragon!
You are covered in liquid flames!
You slash the hell hound! You headbutt the hell hound!
The hell hound is severely wounded.
You are covered in liquid flames!
* * * LOW HITPOINT WARNING * * *
The hell hound bites you.
* * * LOW HITPOINT WARNING * * *
You barely miss the hell hound. Your headbutt misses the hell hound.
The hell hound is severely wounded.
You are covered in liquid flames!
* * * LOW HITPOINT WARNING * * *
The hell hound breathes flames at you. The blast of flame hits you!
The fire burns you terribly!
* * * LOW HITPOINT WARNING * * *
The hell hound misses you.
You hit the hell hound but do no damage.
The hell hound is severely wounded.
You are covered in liquid flames!
You die...

#_........# #_......._#
###.........### #⌠...........⌠#
######.8.........8.######
##∩___......###......___∩##
###∩........8.# #.8........∩###
##...........Dh###[............#
#⌠..........###@..###..........⌠
#⌠..........# #b<.# #..........⌠
#⌠........[.###...###..........⌠
##........[....###.............#
###∩........8.# #.8........∩###
##∩___......###.......__∩##
######.8.........8.######
#⌠...........⌠# ###.........###


You could see a hell hound, a mottled dragon and a fire bat.

Vanquished Creatures
  A wizard (D)
  2 spiny frogs (D)
  A rime drake (D)
  Prince Ribbit (D)
  A water elemental (D)
  A fire bat (D)
  A vampire mosquito (D)
  7 neqoxecs (D)
  2 mottled dragons (D)
  A hell hound (D)
  5 ice beasts (D)
  A necrophage (D)
  3 bullfrogs (D)
  2 wights (D)
  A hell rat (D)
  A river rat (D)
  A bat skeleton (D)
  2 quokkas (D)
  A jackal zombie (D)
  A rat (D)
36 creatures vanquished.

Notes
Turn   | Place    | Note
-------+----------+-------------------------------------------
     0 | D        | Faca the Minotaur Fighter began the quest for the Orb.
     0 | D        | Reached XP level 1. HP: 19/19 MP: 0/0
     1 | D        | Found a viscous altar of Jiyva.
     1 | D        | Found a shadowy altar of Dithmenos.
     2 | D        | Found a bloodstained altar of Trog.
     3 | D        | Found a snail-covered altar of Cheibriados.
     3 | D        | Found a radiant altar of Vehumet.
     4 | D        | Found Nuezoh's Identification Station.
     4 | D        | Found a stormy altar of Qazlal.
     4 | D        | Found a deep blue altar of Sif Muna.
     4 | D        | Found Rottaka's Bee Food.
     5 | D        | Found Irchic's Advanced Armour.
     5 | D        | Found Rukhlywa's Jewellery.
     5 | D        | Round 1.
    19 | D        | Bought a translucent sapphire amulet for 45 gold pieces
    19 | D        | Bought a vibrating copper ring for 45 gold pieces
    19 | D        | Bought a brightly glowing amber ring for 45 gold pieces
    19 | D        | Identified the amulet of Mysticism {Inacc MR- Str-3 Int+9 Dex+9} (You bought it in a shop in the Dungeon)
    20 | D        | Identified the ring "Efoil" {Ice rN+ Dex+3 Stlth+} (You bought it in a shop in the Dungeon)
    21 | D        | Identified the ring "Ciqentiv" {Str+3 SInv Stlth+} (You bought it in a shop in the Dungeon)
    25 | D        | Found a sacrificial altar of Ru.
    27 | D        | Found a shimmering altar of Xom.
    27 | D        | Found a roughly hewn altar of Beogh.
    30 | D        | Noticed a wight
    33 | D        | Found an ancient bone altar of Kikubaaqudgha.
    46 | D        | Killed a wight
    46 | D        | Reached skill level 5 in Fighting
    46 | D        | Reached skill level 3 in Long Blades
    46 | D        | Reached skill level 5 in Armour
    46 | D        | Reached skill level 5 in Shields
    46 | D        | Reached XP level 2. HP: 15/30 MP: 1/1
    46 | D        | Reached XP level 3. HP: 19/37 MP: 2/2
    57 | D        | Noticed a necrophage
   144 | D        | Reached skill level 4 in Long Blades
   144 | D        | Reached XP level 4. HP: 37/45 MP: 3/3
   151 | D        | Killed a necrophage
   151 | D        | Reached skill level 5 in Long Blades
   151 | D        | Reached XP level 5. HP: 37/51 MP: 4/4
   172 | D        | Found Feenecsa's Premium Goods.
   173 | D        | Found a basalt altar of Yredelemnul.
   173 | D        | Found an iron altar of Okawaru.
   173 | D        | Found an opulent altar of Gozag.
   173 | D        | Found Woathep's Weapon Rack.
   173 | D        | Found Beashryfa's Miscellaneous Merchandise.
   173 | D        | Found Tufuz's Basic Armour.
   178 | D        | Found a corrupted altar of Lugonu.
   179 | D        | Found a hide-covered altar of Uskayaw.
   180 | D        | Found Pekigr Mozor's Do-It-Yourself Clinic.
   180 | D        | Found a glowing golden altar of the Shining One.
   180 | D        | Found a burning altar of Makhleb.
   180 | D        | Found a blossoming altar of Fedhas.
   180 | D        | Found Agod's Distillery.
   181 | D        | Found Coskoar's Bottled Wisdom.
   181 | D        | Found Otruthroph's Distillery.
   183 | D        | Arena points: 6 (+6) [x1]
   198 | D        | Round 2.
   200 | D        | Became a worshipper of the Shining One
   201 | D        | Found a glowing silver altar of Zin.
   203 | D        | Found Sonwegu's Staff Store.
   203 | D        | Found Atuuv's Must-Have Magic.
   204 | D        | Found Jegurunoh's Magic Scroll Shop.
   205 | D        | Found Veamp's Magic Scroll Shop.
   238 | D        | Bought 3 royal jellies for 24 gold pieces
   238 | D        | Bought 3 royal jellies for 24 gold pieces
   312 | D        | Reached * piety under the Shining One
   324 | D        | Arena points: 30 (+24) [x2]
   383 | D        | Round 3.
   391 | D        | Reached skill level 6 in Long Blades
   391 | D        | Reached skill level 1 in Dodging
   391 | D        | Reached XP level 6. HP: 53/61 MP: 5/5
   470 | D        | Noticed Prince Ribbit
   481 | D        | Killed Prince Ribbit
   481 | D        | Reached skill level 8 in Long Blades
   481 | D        | Reached skill level 10 in Shields
   499 | D        | Reached ** piety under the Shining One
   505 | D        | Reached XP level 7. HP: 42/70 MP: 6/6
   506 | D        | Noticed a spiny frog
   522 | D        | Killed a spiny frog
   522 | D        | Reached skill level 10 in Fighting
   522 | D        | Reached skill level 10 in Long Blades
   522 | D        | Reached skill level 10 in Armour
   526 | D        | Noticed a spiny frog
   537 | D        | Killed a spiny frog
   537 | D        | Reached XP level 8. HP: 24/80 MP: 7/7
   557 | D        | Arena points: 93 (+63) [x3]
   557 | D        | Reached skill level 11 in Long Blades
   573 | D        | Round 4.
   619 | D        | Noticed a rime drake
   698 | D        | Reached *** piety under the Shining One
   720 | D        | Reached skill level 12 in Long Blades
   744 | D        | Killed a rime drake
   744 | D        | Arena points: 221 (+128) [x4]
   744 | D        | Reached skill level 13 in Long Blades
   744 | D        | Reached XP level 9. HP: 23/89 MP: 8/8
   760 | D        | Bought 3 potions of heal wounds for 105 gold pieces
   772 | D        | Round 5.
   798 | D        | Noticed a witch
   821 | D        | Reached **** piety under the Shining One
   868 | D        | Noticed a four-headed hydra
   869 | D        | Killed a witch
   869 | D        | Arena points: 431 (+210) [x6]
   869 | D        | Reached skill level 14 in Long Blades
   870 | D        | Got a decaying rune of Zot
   871 | D        | Reached XP level 10. HP: 58/97 MP: 9/9
  1033 | D        | Bought a +0 great mace for 195 gold pieces
  1050 | D        | Round 6.
  1057 | D        | Gained mutation: You are dopey. (Int -2) [a neqoxec]
  1061 | D        | Gained mutation: You are very dopey. (Int -4) [a neqoxec]
  1063 | D        | Gained mutation: Your body sometimes deteriorates upon taking damage. [a neqoxec]
  1066 | D        | Reached ***** piety under the Shining One
  1086 | D        | Gained mutation: You tend to lose your temper in combat. [a neqoxec]
  1101 | D        | Gained mutation: Scrolls take you a little longer to read. [a neqoxec]
  1102 | D        | Reached skill level 15 in Long Blades
  1102 | D        | Reached skill level 5 in Dodging
  1109 | D        | Reached ****** piety under the Shining One
  1135 | D        | Gained mutation: Potions and wands are less effective at restoring your health. [a neqoxec]
  1170 | D        | Arena points: 767 (+336) [x7]
  1221 | D        | Bought a scroll of brand weapon for 200 gold pieces
  1223 | D        | Round 7.
  1253 | D        | Incinerated by a mottled dragon

Vault maps used:
D:        arena_sprint

Skill      XL: |  1  2  3  4  5  6  7  8  9 10 |
---------------+-------------------------------+-----
Fighting       | 5 6 7 8 9 10 11 12 | 12.9
Long Blades    | 3 4 5 6 8 10 13 14 15 | 15.6
Armour         | 5 6 7 8 9 11 12 | 12.9
Shields        | 5 6 8 9 10 11 12 13 14 | 14.7
Dodging        | 1 2 3 4 5 |  5.5

Action                   |  1- 3 |  4- 6 |  7- 9 | 10-12 || total
-------------------------+-------+-------+-------+-------++-------
Melee: Long sword        |     9 |    30 |    86 |    61 ||   186
       Headbutt          |     3 |     7 |    39 |    19 ||    68
  Use: Potion            |       |     1 |     5 |     2 ||     8
       Scroll            |       |       |       |     1 ||     1
  Eat: Royal jelly       |       |       |       |     1 ||     1
Armor: Scale mail        |     4 |    10 |    16 |    13 ||    43
Dodge: Dodged            |     3 |     8 |    27 |    27 ||    65
Block: Shield            |     5 |    15 |    35 |    40 ||    95
       Rpst.: Long sword |     1 |     3 |     9 |     2 ||    15
